AoeStats
← Yomajesty

Black Forest

504719181Analyzed
1v1 RM · 24d ago on Sep 6, 2026· 27m 0s· 2 players
Game mode
Random Map
Map size
Tiny (2 player)
Population
200
Speed
Normal
Resources
Standard
Victory
Conquest
Starting age
Dark Age
Ending age
Imperial Age
RankedLock teamsTeams togetherTeam positionsShared explorationLock speedFull tech treeHidden civsTurbo modeCheats
Victory
Defeat
🇨🇿 Magyars · Czechia
817
+14
🇺🇸 Mongols · United States
763
-21
Yomajesty
3:54 Loom
10:55 Feudal Age
11:24 Town Watch
11:47 Double-Bit Axe
13:41 Wheelbarrow
14:30 Man-at-Arms
22:36 Stone Mining
22:44 Horse Collar
22:57 Gold Mining
24:21 Fletching
Liverboy
3:27 Loom
10:09 Feudal Age
11:00 Man-at-Arms
11:53 Horse Collar
13:58 Arson
16:17 Scale Mail Armor
18:38 Fletching
24:26 Castle Age
23:02 Wheelbarrow
22:45 Padded Archer Armor
23:24 Double-Bit Axe
23:30 Gold Mining
25:05 Bodkin Arrow
Connection lost

Rejoining the realm…

Still unreachable

The connection could not be restored.

Session expired

The server has moved on; the page needs a fresh start.